 Dungeon Crawl Stone Soup version 0.29.1-12-g30fa7ad0bf (webtiles) character file.

Game seed: 12846926482397538154

1199 fantasyman the Protected (level 8, 0/74 HPs)
             Began as a Minotaur Fighter on Dec 18, 2022.
             Slain by an orc warrior
             ... wielding a +0 hand axe
              (9 damage)
             ... on level 5 of the Dungeon.
             The game lasted 00:04:32 (6391 turns).

fantasyman the Protected (Minotaur Fighter)         Turns: 6391, Time: 00:04:33

Health: 0/74       AC: 15    Str: 23    XL:     8   Next: 20%
Magic:  7/7        EV:  5    Int:  5    God:
Gold:   328        SH:  9    Dex: 10    Spells: 7/7 levels left

rFire   . . .      SeeInvis .   a - +0 war axe
rCold   . . .      Faith    .   k - +0 kite shield
rNeg    . . .      Spirit   .   n - +0 plate armour
rPois   .          Reflect  .   (helmet restricted)
rElec   .          Harm     .   (no cloak)
rCorr   .          Rampage  .   r - +0 pair of gloves
Will    .....                   (no boots)
Stlth   ..........              (no amulet)
HPRegen 0.22/turn               (no ring)
MPRegen 0.10/turn               (no ring)

@: brilliant
A: horns 2, retaliatory headbutt
a: no special abilities


You were on level 5 of the Dungeon.
You visited 1 branch of the dungeon, and saw 6 of its levels.

You collected 328 gold pieces.

Inventory:

Hand Weapons
 a - a +0 war axe (weapon)
Armour
 k - a +0 kite shield (worn)
 n - a +0 plate armour (worn)
 r - a +0 pair of gloves (worn)
Jewellery
 h - an amulet of faith
Wands
 e - a wand of roots (12)
Scrolls
 b - a scroll of identify
 i - a scroll of immolation
 m - 4 scrolls of teleportation
 s - a scroll of silence
Potions
 d - 3 potions of might
 f - a potion of resistance
 g - 2 potions of degeneration
 j - a potion of attraction
 l - 4 potions of mutation
 p - 2 potions of flight
 q - a potion of curing {unknown}


   Skills:
 * Level 7.7 Fighting
 - Level 2.4 Axes
 * Level 9.2 Armour
 * Level 5.9 Shields


You had 7 spell levels left.
You didn't know any spells.
Your spell library contained the following spells:

 Spells                   Type           Power      Damage    Failure   Level
 Ensorcelled Hibernation  Hex/Ice        0%         N/A       100%        2
 Passwall                 Tmut/Erth      0%         N/A       100%        2
 Frozen Ramparts          Ice            0%         1d1       100%        3
 Swiftness                Air            0%         N/A       100%        3
 Ice Form                 Ice/Tmut       0%         N/A       100%        4
 Summon Ice Beast         Ice/Summ       0%         N/A       100%        4


Dungeon Overview and Level Annotations

Branches:
Dungeon (6/15)
 Temple: D:4-7

Altars:
Gozag
Nemelex Xobeh

Shops:
D:3 *

Annotations:
D:4 2 runed translucent doors, Tang's ghost, amateur PaFi
D:5 2 runed translucent doors, sigtrap's ghost, novice GnHu


Innate Abilities, Weirdness & Mutations

You have a pair of horns on your head.
You reflexively headbutt those who attack you in melee.


Message History

The puff of flame hits you.
* * * LOW HITPOINT WARNING * * *
In your confused state, you trip and fall back down the stairs.
* * * LOW HITPOINT WARNING * * *
You feel less confused.
You climb upwards.
Level annotation: 2 runed translucent doors, sigtrap's ghost, novice GnHu Reactivating autopickup.
There is a stone staircase leading down, spattered with blood here.
You hit the orc warrior.
The orc warrior is lightly wounded.
You closely miss something.
The orc warrior unwields a +0 arbalest.
The orc warrior wields a +0 hand axe.
You block the orc warrior's attack. Something hits you.
* * * LOW HITPOINT WARNING * * *
Deactivating autopickup; reactivate with Ctrl-A.
The orc warrior hits you with a +0 hand axe.
* * * LOW HITPOINT WARNING * * *
You slash the orc warrior!
The orc warrior is heavily wounded.
You closely miss something. Something hits you but does no damage.
The orc warrior hits you but does no damage.
You block something's attack.
You hit the orc warrior but do no damage.
The orc warrior is heavily wounded.
You closely miss something. You block the orc warrior's attack.
Something hits you.
* * * LOW HITPOINT WARNING * * *
The orc warrior barely misses you. You furiously retaliate!
You headbutt the orc warrior, but do no damage.
It was a potion of brilliance.
You feel clever all of a sudden. Something hits you but does no damage.
The orc warrior hits you with a +0 hand axe.
* * * LOW HITPOINT WARNING * * *
It was a potion of magic.
Magic courses through your body.
You hear some strange, mumbled words.
Something tries to affect you, but you resist.
The orc warrior hits you with a +0 hand axe!
You die...

### #.# #.....~P #~## ###########
#[# ##...P~~ ###♣PP###.........#
#.# ##..P~~~ ♣~♣♣P~P##.#######.#
#.###....~~~ ♣~~~~~~♣#.# #.#
#.##....~~~P
♣~≈~~~~P#.#######.####.#.....~~~~
♣~≈~P~~~..[...............#...###
≈~≈≈P~~♣..##..###{###...##...##
≈≈≈≈≈~P♣.......)@)##.....##.##
~~~≈~~~....[...o.####...#####
.....[....#..###.# ##.##
~~~PP~~...#..# #.# #####
~P~P~~~......# #.####.##.#
~~~~P♣##.....# #.#.)#.~.###
P~~♣~# ####..# #.#..#.$~..#
~♣♣~## #..###....+≈#≈.## ## ♣♣♣##
#.........+...[.# ##.


You could see an orc warrior.

Vanquished Creatures
  2 ice beasts (D:5)
  2 black bears (D:5)
  A centaur (D:5)
  A scorpion (D:5)
  2 necrophages
  A gnoll sergeant (D:4)
  A hound (D:4)
  3 gnoll boudas
  2 iguanas
  9 adders
  21 gnolls
  An ufetubus (D:5)
  A dart slug (D:4)
  An orc (D:6)
  A bat (D:2)
  3 endoplasms
  3 giant cockroaches (D:2)
  5 goblins
  10 hobgoblins
  10 jackals
  2 quokkas
  5 ball pythons
  A frilled lizard (D:1)
  6 kobolds
  5 rats
99 creatures vanquished.

Vanquished Creatures (others)
  10 plants (D:5)
10 creatures vanquished.

Grand Total: 109 creatures vanquished

Notes
Turn   | Place    | Note
-------+----------+-------------------------------------------
     0 | D:1      | fantasyman the Minotaur Fighter began the quest for the
                  | Orb.
     0 | D:1      | Reached XP level 1. HP: 19/19 MP: 0/0
   282 | D:1      | Reached XP level 2. HP: 27/27 MP: 1/1
   468 | D:1      | Reached skill level 4 in Armour
   646 | D:1      | Found a faded altar of an unknown god.
   923 | D:2      | Reached XP level 3. HP: 33/33 MP: 2/2
  1592 | D:2      | Reached XP level 4. HP: 27/41 MP: 3/3
  2186 | D:3      | Found an opulent altar of Gozag.
  2323 | D:3      | Found Tut Limm's General Store.
  2411 | D:3      | Reached skill level 5 in Armour
  2807 | D:4      | Reached skill level 5 in Fighting
  2807 | D:4      | Reached XP level 5. HP: 40/48 MP: 4/4
  3053 | D:4      | Reached skill level 6 in Armour
  3436 | D:3      | Reached XP level 6. HP: 40/56 MP: 5/5
  4190 | D:4      | Reached skill level 5 in Shields
  4233 | D:4      | Found the +3 woodcutter's axe {vorpal}
  4354 | D:4      | Found a runed translucent door.
  4357 | D:4      | Noticed Tang's ghost (amateur PaFi)
  4419 | D:4      | Found a runed translucent door.
  4621 | D:5      | Entered Level 5 of the Dungeon
  4666 | D:5      | Reached skill level 7 in Armour
  4740 | D:5      | Found a sparkling altar of Nemelex Xobeh.
  4881 | D:5      | Found a large runed translucent door.
  4881 | D:5      | Found a large runed translucent door.
  4882 | D:5      | Noticed sigtrap's ghost (novice GnHu)
  4898 | D:5      | Reached XP level 7. HP: 64/64 MP: 6/6
  5218 | D:5      | Reached skill level 8 in Armour
  5692 | D:5      | Reached XP level 8. HP: 70/73 MP: 7/7
  6084 | D:5      | Reached skill level 9 in Armour
  6391 | D:5      | Slain by an orc warrior

Illustrated notes

Levels and vault maps discovered:
D:1:      minmay_arrival_four_circles, layout_basic,
          ebering_ecumenical_altar_hall, item_on_display_a
D:2:      layout_basic, serial_glass, glass_columns_b, glass_columns_a,
          cheibrodos_gnoll_hut
D:3:      layout_loops_cross, nicolae_gozag_seed_capital, serial_shops, shop,
          minmay_misc_feat_tower, kennysheep_generic_room_7
D:4:      layout_rooms, ebering_ghost_sewer_f, pf_guarded_unrand_woodcutter
D:5:      layout_loops_corners, mainiacjoe_overflow_paths, serial_bayou,
          serial_bayou_lagoon_b, serial_bayou_lake_a, serial_bayou_pond_d,
          serial_bayou_shore_a, ebering_ghost_disaster_area
D:6:      layout_rooms, chequers_temple_overflow_minitemple,
          nicolae_ossuary_entry_giza

Skill      XL: |  1  2  3  4  5  6  7  8 |
---------------+-------------------------+-----
Fighting       | 4 5 6 7 |  7.7
Armour         | 4 5 6 7 8 9 |  9.2
Shields        | 4 5 |  5.9
Axes           | |  2.4

Action                   |  1- 3 |  4- 6 |  7- 9 || total
-------------------------+-------+-------+-------++-------
Melee: War axe           |    86 |    79 |    66 ||   231
       Headbutt          |    11 |    12 |    12 ||    35
  Use: Scroll            |       |    11 |       ||    11
       Potion            |       |       |     3 ||     3
Armor: Scale mail        |    40 |     4 |       ||    44
       Plate armour      |       |    67 |    78 ||   145
Dodge: Dodged            |    44 |    27 |    33 ||   104
Block: Buckler           |    14 |    23 |       ||    37
       Kite shield       |       |     3 |    42 ||    45
